 Dungeon Crawl Stone Soup version 0.29-a0-700-g2f1814c7b2 (webtiles) character file.

Game seed: 14366350041664982640

56 ZeroWinrate the Magician (level 3, 0/24 HPs)
             Began as a Demonspawn Hedge Wizard on May 27, 2022.
             Slain by a gnoll
             ... wielding a +1 vampiric spear
              (7 damage)
             ... on level 3 of the Dungeon on June 26, 2022.
             The game lasted 00:05:33 (2583 turns).

ZeroWinrate the Magician (Demonspawn Hedge Wizard)  Turns: 2583, Time: 00:05:34

Health: 0/24       AC:  2    Str: 10    XL:     3   Next: 69%
Magic:  8/8        EV: 12    Int: 17    God:
Gold:   76         SH:  0    Dex: 12    Spells: 3/9 levels left

rFire   . . .      SeeInvis .   a - +0 dagger
rCold   . . .      Faith    .   (no shield)
rNeg    . . .      Spirit   .   b - +0 robe
rPois   .          Reflect  .   c - +0 hat
rElec   .          Harm     .   (no cloak)
rCorr   .          Rampage  .   (no gloves)
Will    .....                   (no boots)
Stlth   ++........              (no amulet)
HPRegen 0.08/turn               (no ring)
MPRegen 0.22/turn               (no ring)

@: no status effects
A: magic regeneration, demonic touch 1
a: no special abilities


You were on level 3 of the Dungeon.
You visited 1 branch of the dungeon, and saw 3 of its levels.

You collected 76 gold pieces.

Inventory:

Hand Weapons
 a - a +0 dagger (weapon)
Armour
 b - a +0 robe (worn)
 c - a +0 hat (worn)
Scrolls
 e - a scroll of magic mapping {unknown}
 f - a scroll of vulnerability {unknown}
 h - a scroll of brand weapon {unknown}
 i - a scroll of silence {unknown}
 l - 2 scrolls of blinking {unknown}
Potions
 d - a potion of magic
 g - 3 potions of degeneration {unknown}
 j - a potion of flight {unknown}
 k - a potion of curing {unknown}


   Skills:
 - Level 1.7 Dodging
 - Level 1.7 Stealth
 + Level 3.5 Spellcasting
 + Level 2.2 Conjurations
 + Level 2.1 Summonings
 - Level 0.8 Translocations


You had 3 spell levels left.
You knew the following spells:

 Your Spells              Type           Power      Damage    Failure   Level
a - Magic Dart            Conj           40%        1d5       7%          1
b - Call Imp              Summ           10%        N/A       11%         2
c - Slow                  Hex            12%        N/A       17%         1
d - Blink                 Tloc           10%        N/A       19%         2

Your spell library contained the following spells:

 Spells                   Type           Power      Damage    Failure   Level
 Conjure Flame            Conj/Fire      6%         6-21      32%         3
 Mephitic Cloud           Conj/Pois/Air  5%         N/A       36%         3


Dungeon Overview and Level Annotations

Branches:
Dungeon (3/15)

Altars:

Shops:
D:2 (


Innate Abilities, Weirdness & Mutations

You regenerate magic rapidly.
Your touch may inflict minor irresistible damage on your foes.


Message History

You hit the frilled lizard.
You kill the frilled lizard!
No target in view!
No target in view!
No target in view!
No target in view!
No target in view!
No target in view!
No target in view!
No target in view!
No target in view!
No target in view!
No target in view!
Magic restored.
A gnoll comes into view. It is wielding a +1 vorpal flail.
A gnoll is nearby!
A gnoll is nearby!
A gnoll comes into view. It is wielding a +1 vampiric spear.
The gnoll shouts! x2; You hear a shout!
A gnoll comes into view. It is wielding a +0 spear.
A gnoll comes into view. It is wielding a +0 flail.
The gnoll closely misses you.
You hit the gnoll but do no damage. You hit the gnoll but do no damage.
You touch the gnoll!
The gnoll is heavily wounded.
The gnoll hits you with a +1 vorpal flail!
You are too injured to fight recklessly!
You are too injured to fight recklessly!
You are too injured to fight recklessly!
You are too injured to fight recklessly!
You are too injured to fight recklessly!
You are too injured to fight recklessly!
The gnoll closely misses you. The gnoll attacks as you move away!
The gnoll misses you. The gnoll attacks as you move away!
The gnoll hits you with a +1 vorpal flail.
* * * LOW HITPOINT WARNING * * *
There is a stone staircase leading up here.
The gnoll hits you from afar with a +1 vampiric spear!
You die...

..>.. # .... #.
##... .## .... ..#
#.. . #.. #.#
...##.. ##.#
#.....####g@######
#...g.g........#
##.....g...###...
#.........#
#.........#
#............
#....>....####
#..<......#
#........!#


You could see 4 gnolls.

Vanquished Creatures
  An adder (D:3)
  A dart slug (D:1)
  3 endoplasms
  6 goblins
  6 hobgoblins
  4 jackals (D:2)
  3 kobolds (D:1)
  2 quokkas (D:2)
  2 ball pythons
  5 bats
  3 frilled lizards
  3 rats (D:1)
39 creatures vanquished.

Vanquished Creatures (collateral kills)
  A jackal (D:2)
  A kobold (D:2)
2 creatures vanquished.

Grand Total: 41 creatures vanquished

Notes
Turn   | Place    | Note
-------+----------+-------------------------------------------
     0 | D:1      | ZeroWinrate the Demonspawn Hedge Wizard began the quest for
                  | the Orb.
     0 | D:1      | Reached XP level 1. HP: 13/13 MP: 4/4
   563 | D:1      | Gained mutation: Your touch may inflict minor irresistible
                  | damage on your foes. [demonic ancestry]
   563 | D:1      | Reached XP level 2. HP: 19/19 MP: 3/6
  1659 | D:2      | Gained mutation: You regenerate magic rapidly. [demonic
                  | ancestry]
  1659 | D:2      | Reached XP level 3. HP: 17/24 MP: 2/7
  1747 | D:2      | Learned a level 2 spell: Call Imp
  1749 | D:2      | Learned a level 1 spell: Slow
  1752 | D:2      | Learned a level 2 spell: Blink
  1826 | D:2      | Found Keath's Weapon Shop.
  2265 | D:2      | Upgraded the game from 0.29-a0-495-g17b79114eb to
                  | 0.29-a0-700-g2f1814c7b2
  2583 | D:3      | Slain by a gnoll

Illustrated notes

Levels and vault maps discovered:
D:1:      lightli_arrival_noodles, layout_basic, serial_bayou_lake_a
D:2:      layout_loops_cross, serial_shops, nicolae_shop_statue_plus
D:3:      due_chaos_kobolds, layout_rooms, serial_shops,
          nicolae_shop_competitors_out_of_business, uniq_crazy_yiuf_cottage,
          uniq_robin, uniq_terence, uniq_jessica

Skill      XL: |  1  2  3 |
---------------+----------+-----
Conjurations   | 2 |  2.2
Summonings     | 2 |  2.1
Dodging        | |  1.7
Stealth        | |  1.7
Spellcasting   | |  3.5
Translocations | |  0.8

Action                   || total
-------------------------++-------
Melee: Dagger            ||    38
       Punch             ||     1
       Touch             ||     5
 Cast: Magic Dart        ||    82
       Call Imp          ||     4
Armor: Robe              ||    13
Dodge: Dodged            ||    36

Table legend: (Time is in decaauts)
 A = Elapsed time spent in this place.
 B = Non-inter-level travel time spent in this place.
 C = Inter-level travel time spent in this place.
 D = Time resting spent in this place.
 E = Time spent auto-exploring this place.
 F = Levels seen in this place.
 G = Mean time per level.
                   A        B        C        D        E       F      G
               +--------+--------+--------+--------+--------+-----+--------+
         Total |   2620 |   2582 |     38 |    459 |   1662 |   3 |  873.3 |
       Dungeon |   2620 |   2582 |     38 |    459 |   1662 |   3 |  873.3 |
               +--------+--------+--------+--------+--------+-----+--------+

Top non-repeatable levels by time:
     D:1: 1729 daAuts
     D:2: 849 daAuts
     D:3: 41 daAuts
